Map: Jagannatha LE

Players

Sleepingiant

  • Race: Terran Terran
  • League: Silver

evilPutty - Winner!

  • Race: Zerg Zerg
  • League: Bronze

VOD

Have the link to the VOD?

Description

Time

  • Played on: April 12, 2021, 10 p.m.
  • Length: 16:30
Show
View Real Time Build Order
Export as new Build Order

Sleepingiant Terran 

Build Orders:  

Get SALT Encoding   

  12  0:01  SCV  
  13  0:14  Supply Depot  
  13  0:21  SCV  
  14  0:27  Refinery  
  14  0:40  Barracks  
  14  0:44  SCV  
  15  0:53  Refinery  
  15  0:56  SCV  
  16  1:08  SCV  
  17  1:20  SCV  
  18  1:41  Factory  
  18  1:42  Marine  
  18  1:46  Orbital Command  
  19  2:00  Marine  
  20  2:17  SCV  
  20  2:18  Marine  
  22  2:27  Factory Tech Lab  
  22  2:29  SCV  
  23  2:30  Starport  
  23  2:46  Supply Depot  
  23  2:51  Armory  
  23  2:58  Engineering Bay  
  23  3:07  Marine  
  23  3:08  SCV  
  25  3:35  Starport Tech Lab  
  25  3:41  Siege Tank  
  28  3:51  Fusion Core  
  28  4:04  Missile Turret  
  28  4:12  Command Center  
  28  4:18  Terran Ship Weapons Level 1  
  28  4:22  SCV  
  29  4:34  SCV  
  30  4:43  Missile Turret  
  30  4:46  SCV  
  31  5:07  Supply Depot, Weapon Refit  
  31  5:24  Battlecruiser, SCV  
  31  5:27  Refinery  
  38  5:40  Supply Depot  
  38  5:52  Starport  
  38  5:56  SCV  
  39  6:00  SCV  
  39  6:02  Supply Depot  
  40  6:09  Siege Tank  
  43  6:12  SCV  
  44  6:24  SCV  
  44  6:25  Terran Ship Weapons Level 2  
  45  6:37  SCV  
  46  6:41  Starport Tech Lab, Siege Tank  
  49  6:48  Missile Turret  
  49  6:49  SCV  
  49  6:52  Refinery  
  50  7:06  Orbital Command  
  50  7:13  Battlecruiser  
  56  7:56  Battlecruiser  
  62  8:06  Armory  
  56  8:27  Battlecruiser  
  56  8:32  Supply Depot  
  62  8:41  Terran Vehicle Weapons Level 1  
  56  9:11  Battlecruiser  
  56  9:14  Supply Depot  
  62  9:23  Starport  
  56  9:44  Missile Turret  
  56  9:48  Missile Turret  
  56  9:54  Missile Turret  
  56  9:57  Missile Turret  
  56  10:09  Hi-Sec Auto Tracking  
  56  10:12  Terran Ship Weapons Level 3  
  56  10:14  Starport Tech Lab  
  56  10:25  Siege Tank  
  59  10:58  Siege Tank  
  62  11:05  Neosteel Armor  
  56  11:14  Battlecruiser  
  56  11:15  Battlecruiser  
  68  11:30  Siege Tank  
  71  11:50  Command Center  
  71  12:06  Battlecruiser  
  77  12:09  Terran Vehicle And Ship Armor Level 1  
  77  12:22  Siege Tank  
  80  12:27  Refinery  
  80  12:29  Refinery  
  46  13:18  Battlecruiser  
  46  13:19  Battlecruiser  
Show
View Real Time Build Order
Export as new Build Order

evilPutty Zerg - Winner!

Build Orders: Hatch First 

Get SALT Encoding   

  12  0:00  Drone  
  14  0:16  Overlord  
  13  0:25  Drone  
  14  0:36  Drone x2  
  16  0:50  Hatchery  
  16  0:54  Drone  
  16  0:58  Drone  
  17  1:06  Drone  
  18  1:18  Spawning Pool  
  17  1:19  Drone  
  18  1:27  Drone  
  19  1:36  Extractor  
  19  1:38  Drone  
  19  1:50  Overlord  
  19  2:02  Drone  
  19  2:03  Drone  
  21  2:10  Queen x2  
  21  2:12  Drone  
  21  2:15  Drone  
  28  2:22  Drone  
  28  2:26  Overlord  
  28  2:33  Drone  
  29  2:53  Drone x3  
  29  2:55  Lair  
  29  2:58  Drone x2  
  34  3:04  Queen  
  36  3:08  Drone x2  
  38  3:16  Roach Warren  
  38  3:19  Drone x2  
  39  3:21  Evolution Chamber, Overlord x2  
  38  3:28  Drone x4  
  42  3:52  Zerg Missile Weapons Level 1  
  42  3:58  Roach x3  
  48  4:05  Extractor  
  48  4:07  Extractor  
  46  4:12  Extractor  
  46  4:13  Drone x2  
  46  4:14  Drone  
  46  4:16  Drone x3  
  51  4:32  Spine Crawler  
  50  5:01  Roach  
  50  5:02  Roach x4  
  60  5:12  Overlord x3  
  60  5:17  Hatchery  
  59  5:35  Overlord  
  59  5:36  Overlord  
  59  5:52  Drone x3  
  59  5:55  Roach x3  
  59  5:56  Roach  
  70  6:08  Hydralisk Den, Drone x3  
  72  6:14  Drone  
  73  6:22  Zerg Ground Armor Level 1  
  73  6:29  Drone  
  73  6:30  Drone x5  
  79  6:43  Drone x4  
  83  6:54  Drone x2  
  84  6:55  Drone x3  
  84  6:56  Drone x3  
  84  6:58  Hatchery  
  90  7:04  Hydralisk x2  
  91  7:35  Hydralisk x6  
  92  7:49  Drone x2  
  92  7:50  Hydralisk x4  
  92  7:51  Hydralisk  
  97  7:53  Overlord x3  
  76  8:29  Spore Crawler  
  76  8:32  Hydralisk  
  76  8:33  Hydralisk x8  
  91  8:36  Spore Crawler  
  84  9:06  Drone x6  
  88  9:20  Drone x6  
  94  9:31  Drone x6  
  98  9:33  Queen  
  102  9:50  Extractor  
  101  9:56  Extractor  
  100  10:05  Hydralisk x6  
  100  10:06  Overlord x3  
  100  10:07  Overlord x3  
  112  10:08  Extractor x2  
  110  10:30  Spore Crawler  
  110  10:32  Spore Crawler  
  110  10:34  Spore Crawler  
  107  10:36  Spore Crawler  
  107  10:42  Spore Crawler  
  105  10:43  Spore Crawler  
  105  10:45  Spore Crawler x2  
  102  11:24  Queen  
  104  11:27  Hydralisk x15  
  104  11:28  Hydralisk x13  
  160  11:41  Overlord x6  
  160  11:44  Hatchery  
  159  12:26  Zerg Missile Weapons Level 2  
  159  12:31  Glial Reconstitution  
  159  12:34  Evolution Chamber, Hydralisk x6  
  170  12:40  Drone x16  
  162  13:39  Hydralisk x5  
  162  13:40  Hydralisk x6  
  184  13:47  Zergling x24  
  196  14:04  Infestation Pit  
  188  15:32  Drone  
  188  15:33  Drone x12  
  177  15:51  Hydralisk  
  177  15:52  Hydralisk x10  
  199  16:00  Extractor x2  
Tags
 
Add a new tag
Caveats
  • Supply blocks, unpowered buildings, or Contaminate may cause inaccurate times.
  • Supply counts are checked every 10 seconds.